 Dungeon Crawl Stone Soup version 0.25.0-15-gac7dcb8919 (console) character file.

Game seed: 12785626654220536551

1471 bli the Insei (level 8, 0/93 HPs)
             Began as a Yellow Draconian Transmuter on June 28, 2020.
             Was a Follower of Sif Muna.
             Succumbed to a scorpion's poison
             ... on level 6 of the Dungeon.
             The game lasted 00:21:58 (6703 turns).

bli the Insei (Yellow Draconian Transmuter)         Turns: 6703, Time: 00:21:59

Health: 0/93       AC:  9    Str: 18    XL:     8   Next: 49%
Magic:  13/15      EV: 14    Int: 14    God:    Sif Muna [*.....]
Gold:   36         SH:  0    Dex: 14    Spells: 7/17 levels left

rFire    . . .     SeeInvis .     - Unarmed
rCold    . . .     Gourm    .   (no shield)
rNeg     + . .     Faith    .   (armour unavailable)
rPois    .         Spirit   .   (helmet restricted)
rElec    .         Reflect  .   w - +0 cloak
rCorr    +         Harm     .   I - +0 pair of gloves
MR       .....                  A - +0 pair of boots
Stlth    ..........             n - amulet of the acrobat
HPRegen  0.25/turn              d - +6 ring of strength
MPRegen  0.14/turn              i - ring of positive energy

@: berserking (expiring), lethally poisoned (0 -> -18), appendage (expiring),
very slightly contaminated, very quick
A: spit acid, unfitting armour, horns 2, cold-blooded, acid resistance, AC +6
a: Breathe Acid, End Transformation, Channel Magic, Renounce Religion


You were on level 6 of the Dungeon.
You worshipped Sif Muna.
Sif Muna was aware of your devotion.
You were not hungry.
You had grown temporary horns.
You visited 2 branches of the dungeon, and saw 7 of its levels.

You collected 212 gold pieces.
You spent 176 gold pieces at shops.

Inventory:

Hand Weapons
 D - a +0 hunting sling
Missiles
 a - 129 arrows
 b - 161 stones
 E - 7 silver javelins (quivered)
Armour
 w - a +0 cloak (worn)
 A - a +0 pair of boots (worn)
 I - a +0 pair of gloves (worn)
Jewellery
 d - a +6 ring of strength (left hand)
 i - a ring of positive energy (right hand)
 n - an amulet of the acrobat (around neck)
 v - an uncursed ring of wizardry
Wands
 y - a wand of digging (4)
Scrolls
 e - 2 scrolls of immolation {unknown}
 f - 2 scrolls of enchant weapon {unknown}
 g - 6 scrolls of teleportation {unknown}
 h - a scroll of enchant armour {unknown}
 j - 6 scrolls of identify {unknown}
 l - a scroll of fear {unknown}
 q - a scroll of noise {unknown}
 r - a scroll of remove curse {unknown}
 s - 3 scrolls of magic mapping {unknown}
 t - a scroll of fog {unknown}
 u - a scroll of amnesia {unknown}
 x - 2 scrolls of random uselessness {unknown}
Potions
 k - 2 potions of might {unknown}
 m - 3 potions of curing
 o - a potion of magic {unknown}
 p - 4 potions of heal wounds
 z - a potion of flight {unknown}
 C - a potion of ambrosia {unknown}
 F - a potion of degeneration {unknown}
 G - a potion of mutation {unknown}
 J - 2 potions of brilliance {unknown}
 K - a potion of stabbing {unknown}
Comestibles
 c - 15 rations
 H - 2 chunks of flesh


   Skills:
 + Level 2.4 Fighting
 + Level 3.8 Dodging
 + Level 1.4 Stealth
 * Level 6.8 Unarmed Combat
 + Level 5.1 Spellcasting
 * Level 4.5 Transmutations
 + Level 2.0 Ice Magic
 + Level 0.2 Poison Magic


You had 7 spell levels left.
You knew the following spells:

 Your Spells              Type           Power        Failure   Level  Hunger
a - Beastly Appendage     Tmut           ###...       2%          1    None
b - Sticks to Snakes      Tmut           ###.....     4%          2    ##.....
I - Ice Form              Ice/Tmut       ##......     41%         4    ####...
S - Spider Form           Tmut/Pois      ##........   19%         3    ###....

Your spell library contained the following spells:

 Spells                   Type           Power        Failure   Level  Hunger
 Blade Hands              Tmut           ###.......   58%         5    ######.


Dungeon Overview and Level Annotations

Branches:
Dungeon (6/15)             Temple (1/1) D:4

Altars:
Ashenzari
Dithmenos
Gozag
Okawaru
Ru
Sif Muna
Trog
Wu Jian
Xom
Yredelemnul
Zin
The Shining One

Shops:
D:4 !


Innate Abilities, Weirdness & Mutations

You can spit globs of acid.
Your golden yellow scales are hard. (AC +6)
You cannot fit into any form of body armour.
You are cold-blooded and may be slowed by cold attacks.
You are resistant to acid. (rCorr)
You have a pair of horns on your head.


Message History

You feel sick. The orc hits you but does no damage. The scorpion stings you.
* * * LOW HITPOINT WARNING * * *
You are more poisoned.
The scorpion poisons you! The orc warrior barely misses you.
You barely miss the scorpion. Your headbutt misses the scorpion.
The scorpion is heavily wounded.
* * * LOW HITPOINT WARNING * * *
You feel sick.
You punch the scorpion!
The scorpion is almost dead.
* * * LOW HITPOINT WARNING * * *
You feel sick. The scorpion closely misses you.
The orc hits you but does no damage.
You hit the orc warrior.
The orc warrior is lightly wounded.
* * * LOW HITPOINT WARNING * * *
You feel sick. The orc warrior barely misses you.
The scorpion stings you but does no damage.
You hit the orc warrior.
The orc warrior is moderately wounded.
You die...

#. #. ..# # ..... ..#.
...# #..## # ...# ....
.. ... #..# ... .o#
##.## #... #W## ###.#.#
.....
#oo#########.รท###.
##...#@# #.........####
#.....s###...##.###.###
.....#...##..###>##...#.
...< ###.......#..###...
##. #.##...##.###.#.. #
#.###...###.###..#
#####...##.###..##
#.#.....#.##...#
##........## ..#
#.......### ##.....###


You could see a phantom, an orc warrior, a scorpion and 2 orcs.

Vanquished Creatures
  Eustachio (D:5)
  A water moccasin (D:5)
  2 sky beasts (D:6)
  A phantom (D:5)
  2 centaurs (D:5)
  Blork the orc (D:3)
  2 bullfrogs (D:6)
  A bullfrog zombie (D:5)
  A gnoll shaman (D:5)
  A jelly (D:5)
  2 orc priests (D:4)
  A centaur skeleton (D:4)
  2 orc wizards
  3 worker ants (D:5)
  3 adders
  4 gnolls (D:5)
  3 oozes
  14 orcs
  6 bats
  8 giant cockroaches
  4 goblins
  4 hobgoblins
  4 jackals (D:3)
  7 kobolds
  2 quokkas
  A ball python (D:1)
  9 frilled lizards
  A jackal skeleton (D:4)
  A leopard gecko zombie (D:5)
  3 rats
95 creatures vanquished.

Vanquished Creatures (collateral kills)
  Grinder (D:6)
  An orc wizard (D:4)
  2 orcs (D:4)
  A hobgoblin (D:2)
5 creatures vanquished.

Grand Total: 100 creatures vanquished

Notes
Turn   | Place    | Note
-------+----------+-------------------------------------------
     0 | D:1      | bli the Draconian Transmuter began the quest for the Orb.
     0 | D:1      | Reached XP level 1. HP: 16/16 MP: 3/3
   363 | D:1      | Reached XP level 2. HP: 23/23 MP: 3/5
   369 | D:1      | Learned a level 2 spell: Sticks to Snakes
  1302 | D:2      | Reached skill level 4 in Unarmed Combat
  1302 | D:2      | Reached XP level 3. HP: 19/29 MP: 2/6
  2275 | D:3      | Noticed Blork the orc
  2394 | D:3      | Learned a level 3 spell: Spider Form
  2786 | D:3      | Reached XP level 4. HP: 36/36 MP: 5/7
  3216 | D:3      | Found a shimmering blue altar of Sif Muna.
  3475 | D:3      | Killed Blork the orc
  3491 | D:3      | Became a worshipper of Sif Muna the Loreminder
  3718 | D:4      | Reached XP level 5. HP: 41/41 MP: 7/9
  3747 | D:4      | Found Mele Ner's Distillery.
  3904 | D:4      | Reached skill level 1 in Stealth
  3918 | D:4      | Found a staircase to the Ecumenical Temple.
  3948 | Temple   | Entered the Ecumenical Temple
  4298 | D:4      | Reached XP level 6. HP: 48/48 MP: 6/11
  4522 | D:4      | Bought a potion of berserk rage for 55 gold pieces
  4522 | D:4      | Bought 2 potions of curing for 66 gold pieces
  4522 | D:4      | Bought a potion of heal wounds for 55 gold pieces
  4537 | D:5      | Entered Level 5 of the Dungeon
  4723 | D:5      | Noticed Eustachio
  4760 | D:5      | Reached * piety under Sif Muna
  4855 | D:5      | Killed Eustachio
  4855 | D:5      | Reached skill level 5 in Unarmed Combat
  4855 | D:5      | Your scales start taking on a golden yellow colour.
  4855 | D:5      | Reached XP level 7. HP: 55/55 MP: 13/13
  4855 | D:5      | Gained mutation: You are resistant to acid. (rCorr) [Yellow
                  | Draconian growth]
  4878 | D:5      | Learned a level 4 spell: Ice Form
  5144 | D:5      | Reached skill level 1 in Ice Magic
  6186 | D:5      | Reached XP level 8. HP: 59/62 MP: 13/15
  6405 | D:6      | Reached skill level 6 in Unarmed Combat
  6486 | D:6      | Reached skill level 5 in Spellcasting
  6563 | D:6      | Noticed Grinder
  6569 | D:6      | Paralysed by Grinder for 3 turns
  6571 | D:6      | Killed Grinder
  6699 | D:6      | HP: 4/93 [scorpion (3)]
  6702 | D:6      | HP: 1/93 [poisoned by a scorpion]
  6703 | D:6      | Succumbed to a scorpion's poison

Illustrated notes

Levels and vault maps discovered:
D:1:      dpeg_arrival_line_fractal, layout_loops_corners
D:2:      layout_loops_corners
D:3:      layout_basic, tgw_sif
D:4:      layout_basic, minmay_temple_entry_ruins, first_ration, serial_shops,
          kennysheep_mini
D:5:      layout_loops_corners, chequers_serial_rivers_micro_a, minivault_11,
          uniq_eustachio
D:6:      layout_layer_cave, marbit_many_paths, serial_shops, shop,
          ashenzari_altar_1, uniq_grinder
Temple:   nicolae_temple_x_marks_the_god

Skill      XL: |  1  2  3  4  5  6  7  8 |
---------------+-------------------------+-----
Dodging        | 2 3 |  3.8
Unarmed Combat | 4 5 6 |  6.8
Fighting       | 2 |  2.4
Spellcasting   | 3 4 5 |  5.1
Stealth        | 1 |  1.4
Transmutations | 3 4 |  4.5
Ice Magic      | 2 |  2.0
Poison Magic   | |  0.2

Action                   |  1- 3 |  4- 6 |  7- 9 || total
-------------------------+-------+-------+-------++-------
Melee: Unarmed           |   103 |   111 |   157 ||   371
       Headbutt          |     5 |    20 |    20 ||    45
       Tailslap          |     6 |    15 |    25 ||    46
       Kick              |     2 |     9 |       ||    11
       Punch             |     1 |       |     2 ||     3
Throw: Boomerang         |     1 |     8 |       ||     9
       Stone             |       |     5 |     7 ||    12
       Javelin           |       |       |     1 ||     1
 Cast: Beastly Appendage |    21 |    13 |    17 ||    51
       Sticks to Snakes  |     2 |    13 |    14 ||    29
       Spider Form       |       |       |     1 ||     1
  Use: Potion            |       |       |     1 ||     1
 Stab: Distracted        |     1 |       |     1 ||     2
       Sleeping          |       |     2 |     1 ||     3
  Eat: Chunk             |     6 |     4 |     4 ||    14
       Ration            |       |     1 |     1 ||     2
Armor: Skin              |    28 |    35 |    52 ||   115
Dodge: Dodged            |    61 |    84 |   121 ||   266
